 Dungeon Crawl Stone Soup version 0.15.2 (webtiles) character file.

573736 Iskender the Warrior (level 26, -5/215 (218) HPs)
             Began as a Mummy Chaos Knight on Jan 7, 2015.
             Was a Favourite Plaything of Xom.
             Killed from afar by a deep elf annihilator (42 damage)
             ... with a bolt of lightning
             ... on Level 3 of the Elven Halls on Jan 15, 2015.
             The game lasted 16:59:24 (79085 turns).

Iskender the Warrior (Mummy Chaos Knight)          Turns: 79085, Time: 16:59:25

HP  -5/215 (218) AC 21     Str 18      XL: 26   Next: 20%
MP  30/33        EV 27     Int 10 (15) God: Xom
Gold 4943        SH 11     Dex 20 (22) Spells:  9 memorised,  5 levels left

rFire  + . .     SeeInvis +     (no weapon)
rCold  + . .     Clarity  +     V - +6 ring mail "Smaih" {Slay+6}
rNeg   + + +     rCorr    .     s - +2 buckler {rF+}
rPois  +         rRot     +     X - +1 hat "Iriott" {rF+ Str+3}
rElec  .         Spirit   .     N - +2 cloak {rPois}
SustAb .         Warding  .     k - +0 pair of gloves
rMut   .         Stasis   .     B - +2 pair of boots "Qihoj" {Stlth+}
Gourm  .                        c - amulet of clarity
MR     ++++.                    i - ring of Goget {Dex+4 Int+3 SInv}
                                m - ring of protection from magic

@: very slightly contaminated, incredibly resistant to hostile enchantments,
stealthy
A: no food or potions, fire vulnerability, strongly in touch with death, restore
body, cold resistance 1, negative energy resistance 3, poison resistance,
torment resistance, unbreathing
a: Self-Restoration, Renounce Religion
}: 2/15 runes: decaying, gossamer


You were on level 3 of the Elven Halls.
You worshipped Xom.
You were a favourite toy of Xom.
You were not hungry.

You visited 11 branches of the dungeon, and saw 59 of its levels.
You visited the Abyss 1 time.
You also visited: Ossuary and Volcano.

You collected 7742 gold pieces.
You spent 2052 gold pieces at shops.

Inventory:

Hand weapons
 a - a +0 cutlass
 b - a +6 vampiric trident
 M - a +2 trident of distortion
Missiles
 J - 3 throwing nets (quivered)
Armour
 k - a +0 pair of gloves (worn)
 s - a +2 buckler of fire resistance (worn)
 B - the cursed +2 pair of boots "Qihoj" (worn) {Stlth+}
   (You found it on level 7 of the Lair of Beasts)

   It makes you more stealthy.
   It has a curse placed upon it.
 N - a +2 cloak of poison resistance (worn)
 V - the +6 ring mail "Smaih" (worn) {Slay+6}
   (You acquired it on level 2 of the Vaults)

   It affects your accuracy and damage with ranged weapons and melee attacks
   (+6).
 X - the +1 hat "Iriott" (worn) {rF+ Str+3}
   (You found it on level 8 of the Lair of Beasts)

   It affects your strength (+3).
   It protects you from fire.
Magical devices
 h - a wand of enslavement (15)
 q - a wand of digging (5)
 z - a wand of paralysis (9)
 A - a wand of cold (6)
 E - a wand of paralysis (17)
 G - a wand of hasting (3)
 O - a wand of teleportation (2)
 R - a wand of heal wounds (0)
 U - a wand of disintegration (10)
Scrolls
 e - 3 scrolls of magic mapping
 g - 6 scrolls of fear
 l - 8 scrolls of identify
 n - a scroll of summoning
 v - a scroll of teleportation
 w - a scroll of enchant armour
 x - 2 scrolls of blinking
 y - 18 scrolls of remove curse
 F - 3 scrolls of fog
 K - 5 scrolls of vulnerability
 Y - 2 scrolls of silence
Jewellery
 c - an amulet of clarity (around neck)
 d - a +4 ring of dexterity
 f - an uncursed ring of protection from fire
 i - the ring of Goget (right hand) {Dex+4 Int+3 SInv}
   (You found it on level 1 of the Depths)

   [ring of see invisible]

   It affects your intelligence (+3).
   It affects your dexterity (+4).
   It enhances your eyesight.
 m - a ring of protection from magic (left hand)
 r - an uncursed ring of regeneration
 C - an uncursed amulet of resist corrosion
 L - the ring "Noucam" {+Blink +Fly rC+ rN+ Stlth+}
   (You found it on level 3 of the Crypt)

   [ring of positive energy]

   It protects you from cold.
   It protects you from negative energy.
   It lets you fly.
   It lets you blink.
   It makes you more stealthy.
 T - an uncursed ring of teleportation
Miscellaneous
 o - a lamp of fire
 p - a plain deck of defence {the Tomb, drawn: 4}
 t - a phial of floods
 u - a phial of floods
 I - a lamp of fire
 P - an ornate deck of wonders {the Alchemist}
 Z - an ornate deck of destruction {the Storm, drawn: 1}


   Skills:
 - Level 20.0 Fighting
 - Level 15.4 Polearms
 - Level 8.2 Armour
 + Level 18.8 Dodging
 - Level 7.8 Stealth
 - Level 15.0 Shields
 - Level 5.0 Spellcasting
 - Level 14.1 Charms
 - Level 8.8 Summonings
 - Level 10.0 Translocations


You had 5 spell levels left.
You knew the following spells:

 Your Spells              Type           Power        Failure   Level  Hunger
a - Repel Missiles        Chrm/Air       ###...       1%          2    N/A
b - Blink                 Tloc           N/A          1%          2    N/A
c - Shadow Creatures      Summ           N/A          17%         5    N/A
d - Apportation           Tloc           ###.......   1%          1    N/A
e - Control Teleport      Chrm/Tloc      ####......   1%          4    N/A
f - Phase Shift           Tloc           ###.......   12%         5    N/A
g - Flight                Chrm/Air       ###.......   4%          3    N/A
h - Haste                 Chrm           ####....     14%         6    N/A
i - Shroud of Golubria    Chrm/Tloc      ####......   1%          2    N/A

Dungeon Overview and Level Annotations

Branches:
Dungeon (15/15)            Temple (1/1) D:4             Orc (4/4) D:9
    Elf (3/3) Orc:4          Lair (8/8) D:11          Swamp (5/5) Lair:5
 Spider (5/5) Lair:6        Slime (6/6) Lair:6       Vaults (4/5) D:14
  Crypt (3/3) Vaults:3       Tomb (0/3) Crypt:3      Depths (5/5) D:15
    Zot (0/5) Depths:5

Altars:
Ashenzari
Fedhas
Kikubaaqudgha
Makhleb
Nemelex Xobeh
Sif Muna
Xom
Yredelemnul
Zin
The Shining One
Jiyva

Shops:
D:8 *}==}   D:15 :!   Orc:1 (([:*   Orc:3 =   Orc:4 :*[(   Vaults:1 [
Vaults:3 *   Vaults:4 %   Depths:1 *

Portals:
Hell: Depths:1 Depths:2 Depths:3 Depths:4 Depths:5
Abyss: Depths:1 Depths:4
Pandemonium: Depths:2 Depths:3
Ziggurat: Depths:3
Trove: D:11 (give +3 gold dragon armour)

Annotations:
Orc:1 blowgun +5
Lair:4 exclusion: oklob plant
Swamp:1 exclusion: Roxanne, Roxanne
Slime:6 Royal Jelly
Crypt:2 Mara
Depths:1 Sojobo


Innate Abilities, Weirdness & Mutations

You do not eat or drink.
Your flesh is vulnerable to fire.
You are strongly in touch with the powers of death.
You can restore your body by infusing magical energy.
Your flesh is cold resistant.
You are immune to negative energy.
Your system is resistant to poisons.
You are immune to unholy pain and torment.
You can survive without breathing.


Message History

A deep elf priest comes into view. It is wielding a runed long sword.
A deep elf death mage comes into view. It is wielding a long sword.
The deep elf annihilator casts a spell at you.
You block the iron shot.
The deep elf annihilator casts a spell at you.
The poison arrow hits you! You partially resist.
A deep elf conjurer comes into view. It is wielding a long sword.
The deep elf conjurer shouts!
The deep elf annihilator casts a spell at you.
The bolt of lightning hits you!
* * * LOW HITPOINT WARNING * * *
A deep elf fighter and a deep elf annihilator come into view.
The deep elf conjurer points at you and mumbles some strange words.
The bolt of cold hits you! You resist.
* * * LOW HITPOINT WARNING * * *
The deep elf annihilator moves out of view.
The deep elf fighter shouts!
The deep elf annihilator points at you and mumbles some strange words.
The bolt of lightning hits you!
You die...

**,, *#.##.....#########......#
**,,,,##.*#......##.......####.#
*,,,,,+..##......##.#####'## #.#
*,,,,,*#..#......#..##.....###.#
*,, ,*#..'......'...'......##'##
*,,,,
*##.#.....##.###..........#
**,,, #.##...###.# #...........
*,,,,
###.###e####.###........... ,,
,,.'.........@...########.....
,, ##..##....##..# ##...# ,,,,**
##. #.##.###.# ##.## * ,** #.
#.##'# +# #%# ** * #. #.#.....
#)# ,* #. #.#...P. #)#
*,######.##.#...... #)#
*,#.........e....... # #.# *
..#####.e##...... +.. #.#


You could see a deep elf annihilator and a deep elf conjurer.

Vanquished Creatures
  A greater mummy (Depths:3)
  Saint Roka (Crypt:2)
  Margery (Crypt:1)
  Mennas (Depths:5)
  A profane servitor (Crypt:3)
  Jory (Vaults:4)
  2 bone dragons
  Frederick (Depths:5)
  Arachne (Spider:5)
  2 tentacled monstrosities (Depths:4)
  A quicksilver dragon (shapeshifter) (Depths:2)
  9 acid blobs
  A deep elf blademaster (Elf:3)
  6 liches
  A deep elf master archer (Elf:3)
  5 sphinxes
  5 thorn hunters
  5 storm dragons
  A sphinx (shapeshifter) (Vaults:3)
  Rupert (Spider:3)
  4 tengu reavers
  Agnes (Vaults:2)
  Frances (Spider:4)
  Kirke (Elf:1)
  3 shadow dragons
  An ancient champion (Crypt:3)
  A draconian monk (Depths:5)
  A revenant (Crypt:3)
  14 azure jellies
  Wiglaf (Spider:2)
  9 frost giants
  An iron dragon (Depths:4)
  4 deep elf sorcerers
  Maud (D:15)
  7 fire giants
  11 vault wardens
  8 emperor scorpions
  4 ghost moths
  Gastronok (D:11)
  A reaper (Crypt:1)
  An orc warlord (Orc:4)
  A ghoul (Crypt:3)
  2 war gargoyles
  21 stone giants
  3 spriggan defenders
  23 very ugly things
  16 rakshasas
  3 grey draconians
  3 deep elf demonologists
  A draconian caller (Depths:5)
  A green draconian (Depths:5)
  3 vampire knights
  4 black draconians
  5 deep elf annihilators
  5 dire elephants
  A pale draconian (Depths:1)
  A red draconian (Depths:5)
  A white draconian (Abyss:1)
  A yellow draconian (Depths:5)
  17 orb spiders
  A death ooze (Slime:2)
  An unborn (Crypt:3)
  A blizzard demon (Abyss:1)
  Snorg (D:15)
  9 vault guards
  9 deep elf death magi
  10 ettins
  30 jiangshi
  3 death cobs (Crypt:3)
  12 fire dragons
  5 minotaurs
  7 deep elf high priests
  A ravenous feature mimic (Spider:3)
  12 yaktaur captains
  16 ironheart preservers
  Fannar (Lair:8)
  Harold (Lair:8)
  22 hydras
  9 great orbs of eyes
  A ravenous item mimic (Vaults:3)
  18 ice dragons
  Nessos (Spider:2)
  11 deep troll earth magi
  A shambling mangrove (Swamp:4)
  4 ghost crabs
  A ghost crab (shapeshifter) (Depths:3)
  Erica (Lair:6)
  4 spriggan air magi
  13 centaur warriors
  A dancing weapon (D:14)
  9 tengu warriors
  8 alligators
  16 death yaks
  11 deep troll shamans
  6 vampire magi
  4 catoblepae
  A death knight (Crypt:3)
  3 orc high priests
  10 ogre magi
  5 hell knights
  4 spriggan berserkers
  A thrashing horror (Abyss:1)
  3 iron trolls
  3 soul eaters
  Nergalle (Lair:1)
  2 sun demons
  13 deep elf knights
  A fire crab (shapeshifter) (Vaults:1)
  A wretched star (Abyss:1)
  2 shadow demons
  5 shadow wraiths
  An ice devil (Depths:2)
  A death drake (shapeshifter) (Depths:4)
  A golden dragon zombie (Crypt:1)
  A sea snake (shapeshifter) (Vaults:3)
  9 giant orange brains
  A spectral ghost moth (Crypt:1)
  5 large abominations
  30 skeletal warriors
  2 anaconda zombies (Crypt:1)
  6 flayed ghosts
  Erolcha (D:9)
  9 swamp dragons
  6 spriggan druids
  10 necromancers
  3 unseen horrors
  11 deep elf summoners
  7 wizards
  11 orc knights
  33 deep trolls
  A harpy (shapeshifter) (Depths:2)
  12 hill giants
  A golden dragon skeleton (Crypt:1)
  19 spiny frogs
  13 ironbrand convokers
  The ghost of DeXoteric the Cleaver, an experienced MiBe of Trog (D:6)
  6 harpies
  12 deep elf conjurers
  8 griffons
  3 fire giant zombies
  A phantasmal warrior (Vaults:3)
  3 manticores
  2 sixfirhies
  73 ugly things
  A frost giant zombie (Crypt:1)
  10 red wasps
  27 wolf spiders
  7 shining eyes
  7 orc sorcerers
  15 elephants
  6 cyclopes
  A salamander (shapeshifter) (Depths:2)
  A human skeleton (Vaults:2)
  An apocalypse crab (Abyss:1)
  An elephant (shapeshifter) (D:15)
  2 smoke demons (Abyss:1)
  A moth of wrath (Spider:2)
  6 black mambas
  An elf zombie (Depths:1)
  12 vault sentinels
  A mermaid (shapeshifter) (Vaults:3)
  A black mamba (shapeshifter) (Depths:1)
  An item mimic (Spider:2)
  An eye of devastation (Slime:3)
  A gargoyle (D:15)
  A queen ant (Vaults:3)
  2 orange demons
  3 torpor snails
  Psyche (D:8)
  An iron devil (Depths:3)
  A sea snake zombie (Crypt:2)
  A centaur skeleton (D:13)
  2 efreet
  7 komodo dragons
  3 tengu conjurers
  50 yaktaurs
  A yaktaur (shapeshifter) (Vaults:2)
  A redback zombie (Vaults:2)
  2 spiny frogs (shapeshifter) (Vaults:2)
  2 elves (shapeshifter)
  10 demonic crawlers
  A spectral catoblepas (Crypt:3)
  8 deep elf priests
  A hydra zombie (D:15)
  A red devil (Elf:3)
  A yaktaur skeleton (Vaults:2)
  A wandering mushroom (Lair:6)
  12 two-headed ogres
  9 freezing wraiths
  A troll (shapeshifter) (Elf:2)
  3 trolls
  A silent spectre (Crypt:1)
  27 jumping spiders
  A blue devil (Abyss:1)
  166 slime creatures
  2 hydra skeletons
  9 baby alligators
  8 giant leeches
  10 blink frogs
  A fire giant simulacrum (Vaults:4)
  A polar bear (Lair:8)
  10 boulder beetles
  8 bog bodies
  A guardian serpent skeleton (Crypt:2)
  11 ravens
  A basilisk (Lair:5)
  27 trapdoor spiders
  63 flying skulls
  11 shadows
  A ynoxinul (Depths:2)
  9 spriggans
  A redback (shapeshifter) (Vaults:3)
  A yak (shapeshifter) (Vaults:3)
  45 yaks
  10 air elementals
  A black mamba zombie (Crypt:3)
  14 tarantellas
  55 redbacks
  7 vampires
  A stone giant simulacrum (Crypt:3)
  22 deep elf magi
  2 water elementals (Depths:3)
  7 wyverns
  2 hill giant zombies (D:14)
  An ice dragon skeleton (Crypt:1)
  10 wraiths
  3 hungry ghosts
  A hog (Elf:1)
  Eustachio (D:9)
  A spriggan (shapeshifter) (Vaults:4)
  A wyvern (shapeshifter) (D:14)
  13 hippogriffs
  4 neqoxecs
  A wolf (shapeshifter) (D:4)
  29 deep elf fighters
  A fire elemental (Depths:3)
  A hill giant skeleton (D:9)
  A hog (shapeshifter) (Depths:2)
  17 wolves
  2 chaos spawn
  2 wargs
  24 swamp worms
  7 golden eyes
  2 mottled dragons
  A soldier ant (D:14)
  38 vampire mosquitoes
  18 water moccasins
  Menkaure (D:7)
  3 hippogriffs (shapeshifter)
  A hydra simulacrum (Crypt:1)
  2 spatial vortices
  A deep troll skeleton (Vaults:4)
  45 orc warriors
  9 porcupines
  A deep troll zombie (Vaults:2)
  A merfolk skeleton (Crypt:1)
  An ettin simulacrum (Crypt:1)
  A ghost crab zombie (Crypt:1)
  12 yellow wasps
  4 sky beasts
  21 spiders
  19 swamp drakes
  12 ice beasts
  A fire dragon simulacrum (Crypt:3)
  A snapping turtle zombie (Crypt:2)
  4 black bears
  An elephant zombie (Crypt:1)
  16 small abominations
  A snapping turtle skeleton (Crypt:1)
  A manticore zombie (D:14)
  5 necrophages
  6 boggarts
  A boring beetle (Vaults:1)
  A hog zombie (Crypt:2)
  31 ogres
  Sigmund (D:2)
  Duvessa (D:5)
  19 centaurs
  A lost soul (Crypt:2)
  12 crocodiles
  5 brain worms
  A giant frog (shapeshifter) (D:7)
  A gnoll sergeant (Orc:4)
  A yaktaur zombie (Vaults:4)
  10 insubstantial wisps
  17 giant frogs
  3 eyes of draining (shapeshifter)
  40 jellies
  11 scorpions
  A polar bear zombie (Crypt:1)
  A tengu zombie (D:14)
  8 eyes of draining
  A hippogriff zombie (D:7)
  6 killer bees (D:12)
  17 wights
  A troll skeleton (D:11)
  A yak skeleton (D:8)
  4 electric eels
  Dowan (D:5)
  16 crimson imps
  A yellow wasp zombie (D:9)
  9 iron imps
  7 human zombies
  A human simulacrum (Vaults:2)
  9 quasits
  3 giant frog skeletons
  A giant frog zombie (D:11)
  A two-headed ogre zombie (Crypt:1)
  44 orc wizards
  A two-headed ogre skeleton (D:10)
  2 elf skeletons
  11 hounds
  40 orc priests
  8 iguanas
  2 orange rats
  7 sheep (Lair:4)
  13 worker ants
  Jessica (D:2)
  A mottled dragon zombie (Crypt:1)
  A sky beast zombie (D:6)
  A big kobold zombie (Ossuary)
  A deep dwarf skeleton (Crypt:1)
  A mottled dragon skeleton (D:14)
  4 mummies (Ossuary)
  9 gnolls
  22 adders
  54 green rats
  A worm zombie (Crypt:1)
  A steam dragon zombie (Crypt:1)
  A giant mite (D:7)
  9 shadow imps
  14 white imps
  A worm (D:3)
  16 ufetubi
  2 adder zombies (Ossuary)
  An adder skeleton (D:3)
  2 giant eyeballs
  6 giant geckos
  163 orcs
  32 bats
  22 hobgoblins
  9 jackals
  12 quokkas
  2 ball pythons
  5 giant cockroaches
  4 giant newts
  3 giant spores
  2 gnoll zombies
  24 goblins
  2 goblin zombies
  5 hobgoblin zombies
  12 kobolds
  A kobold zombie (D:6)
  8 orc zombies
  2 quokka zombies
  22 rats
  2 rat zombies
  6 ballistomycetes
  7 briar patches
  2 crawling corpses (Elf:3)
  2 fungi (D:11)
  5 plants
2845 creatures vanquished.

Vanquished Creatures (collateral kills)
  A tentacled monstrosity (Depths:5)
  Asterion (Spider:1)
  4 acid blobs
  An ancient champion (Crypt:1)
  A tengu reaver (Depths:1)
  2 azure jellies
  A fire giant (Vaults:4)
  A deep elf demonologist (Elf:3)
  A very ugly thing (Depths:1)
  A dire elephant (Depths:1)
  4 yaktaur captains
  A minotaur (Depths:1)
  A great orb of eyes (Slime:4)
  A hydra (Swamp:1)
  A spriggan air mage (Depths:5)
  A rakshasa (Depths:1)
  A centaur warrior (Depths:1)
  2 alligators (Swamp:2)
  A death yak (Depths:5)
  A deep troll shaman (Vaults:4)
  2 hell knights
  An iron troll (Depths:3)
  An orb spider (Spider:4)
  A large abomination (Depths:4)
  A giant orange brain (Slime:4)
  An ice statue (Depths:3)
  2 deep trolls
  2 hill giants
  2 orc knights
  An orc sorcerer (Vaults:4)
  A griffon (Vaults:2)
  5 ugly things
  A wolf spider (Spider:1)
  A deep elf conjurer (Elf:2)
  A red wasp (Swamp:2)
  2 elephants
  A guardian serpent (shapeshifter) (Vaults:1)
  A vault sentinel (Vaults:2)
  An eye of devastation (Slime:5)
  A gargoyle (D:15)
  A spiny frog (Swamp:2)
  7 yaktaurs
  A komodo dragon (Lair:4)
  A polar bear (Lair:8)
  A silent spectre (Crypt:1)
  3 ravens
  21 slime creatures
  A ynoxinul (Vaults:4)
  2 wraiths
  2 air elementals (Depths:5)
  A spriggan (Swamp:4)
  A swamp worm (Swamp:2)
  A warg (Vaults:3)
  2 small abominations (Depths:4)
  A water moccasin (Lair:8)
  4 orc warriors (Crypt:2)
  2 ogres (D:10)
  A crocodile (Lair:7)
  A centaur (D:10)
  A lost soul (Elf:3)
  An eye of draining (Slime:4)
  5 jellies
  2 killer bees (D:12)
  2 goliath beetles
  A hound (Lair:3)
  A quasit (Spider:4)
  An iron imp (Swamp:4)
  5 orc wizards
  A sheep (Lair:4)
  A mummy (D:6)
  An adder (Swamp:1)
  A green rat (Lair:7)
  3 shadow imps
  An ufetubus (Depths:1)
  7 orcs
  A kobold zombie (D:6)
  A spectral orc (Lair:1)
  A fungus (Lair:2)
148 creatures vanquished.

Vanquished Creatures (others)
  A shadow dragon (Depths:1)
  A fire giant (Depths:1)
  A ghoul (Crypt:2)
  A deep elf annihilator (Elf:3)
  A dire elephant (shapeshifter) (Slime:6)
  A dire elephant (Depths:5)
  An ettin (Depths:5)
  3 fire dragons
  A death cob (Crypt:3)
  A yaktaur captain (Depths:1)
  2 ice dragons
  9 dancing weapons
  A deep troll shaman (Vaults:4)
  2 deep elf knights
  A swamp dragon (Swamp:4)
  A deep elf summoner (Elf:3)
  2 unseen horrors (Depths:4)
  A harpy (shapeshifter) (Depths:5)
  3 deep elf conjurers
  A wolf spider (Spider:5)
  A harpy (D:14)
  An ugly thing (Depths:4)
  An ice beast (Depths:1)
  5 ball lightnings
  A centaur zombie (Vaults:3)
  A death yak zombie (Depths:2)
  2 hellwings
  A blue devil (Spider:5)
  A yaktaur (Vaults:2)
  A freezing wraith (Crypt:2)
  2 two-headed ogres
  A raven (Depths:5)
  3 deep elf magi
  A dryad (Depths:4)
  A wraith (Crypt:3)
  8 water elementals
  A vampire (Crypt:2)
  5 fire elementals
  2 deep elf fighters (Elf:3)
  A naga (Spider:2)
  An orc warrior (Crypt:2)
  A yellow wasp (Lair:7)
  A spider (Vaults:4)
  7 ogres
  A tengu (Depths:5)
  13 lost souls
  A scorpion (D:14)
  A wight (Crypt:2)
  31 crimson imps
  24 iron imps
  A jelly (Slime:5)
  14 quasits
  An orc wizard (Orc:1)
  An orange rat (Slime:1)
  A worker ant (Lair:7)
  25 shadow imps
  30 white imps
  25 ufetubi
  3 orcs
  A giant spore (D:13)
  2 goblin zombies
  A kobold zombie (Ossuary)
  A briar patch (Swamp:5)
  2 butterflies (D:11)
  3 fungi
  3 plants
  3 snaplasher vine segments (Depths:4)
273 creatures vanquished.

Grand Total: 3266 creatures vanquished

Notes
Turn   | Place    | Note
--------------------------------------------------------------
     0 | D:1      | Iskender, the Mummy Chaos Knight, began the quest for the Orb.
     0 | D:1      | Reached XP level 1. HP: 18/18 MP: 1/1
    11 | D:1      | Noticed a centaur
   127 | D:1      | XOM: divination: detect creatures
   164 | D:1      | Reached XP level 2. HP: 24/24 MP: 2/2
   925 | D:2      | Noticed Sigmund
   929 | D:2      | XOM: potion effect (experience)
   929 | D:2      | Reached skill level 8 in Polearms
   929 | D:2      | Reached XP level 3. HP: 29/29 MP: 3/3
  1055 | D:2      | Noticed Jessica
  1177 | D:3      | Reached XP level 4. HP: 31/35 MP: 4/4
  1339 | D:3      | Noticed a scorpion
  1344 | D:3      | XOM: potion effect (brilliance)
  1391 | D:3      | Killed a scorpion
  1391 | D:3      | Reached skill level 1 in Stealth
  1443 | D:3      | Reached XP level 5. HP: 41/41 MP: 5/5
  1529 | D:3      | XOM: divination: detect items
  1690 | D:3      | XOM: mild Conj miscast
  1692 | D:3      | XOM: mild Trmt miscast
  1879 | D:2      | XOM: 12-stop teleportation journey
  2066 | D:2      | XOM: noise
  2286 | D:3      | XOM: blink monster(s)
  2374 | D:3      | XOM: polymorph worker ant -> green rat
  2618 | D:3      | XOM: divination: detect creatures
  2731 | D:4      | Noticed an ogre
  2841 | D:4      | XOM: harmless Pois miscast
  3126 | D:3      | Reached XP level 6. HP: 34/47 MP: 6/6
  3607 | D:4      | Found a glowing silver altar of Zin.
  3759 | D:4      | XOM: confuse monster(s)
  3762 | D:4      | XOM: divination: detect creatures
  3863 | D:5      | Entered Level 5 of the Dungeon
  3925 | D:4      | Found a staircase to the Ecumenical Temple.
  3931 | Temple   | Entered the Ecumenical Temple
  4144 | D:4      | Killed an ogre
  4144 | D:4      | Reached skill level 9 in Polearms
  4354 | D:2      | XOM: colour smoke trail
  4396 | D:2      | XOM: confuse monster(s)
  4397 | D:2      | Killed Jessica
  4611 | D:4      | Reached XP level 7. HP: 28/52 MP: 7/7
  4652 | D:4      | XOM: vitrification
  4758 | D:4      | XOM: polymorph goliath beetle -> naga
  5044 | D:5      | XOM: vitrification
  5253 | D:5      | Noticed Duvessa
  5284 | D:6      | XOM: noise
  5323 | D:6      | XOM: cast spell 'Summon Butterflies'
  5434 | D:6      | Noticed DeXoteric's ghost (experienced MiBe)
  5551 | D:6      | Found a sand-covered staircase.
  5560 | Ossuary  | Entered an ossuary
  5573 | Ossuary  | XOM: confuse monster(s)
  5602 | Ossuary  | XOM: destruction
  6290 | D:5      | XOM: confuse monster(s)
  6409 | D:5      | XOM: polymorph gnoll sergeant -> scorpion
  6446 | D:5      | XOM: god gift: runed glaive {god gift}
  6573 | D:5      | Reached skill level 10 in Polearms
  6596 | D:5      | Reached XP level 8. HP: 13/58 MP: 8/8
  6600 | D:5      | XOM: god gift: jewelled iron wand {god gift}
  7091 | D:5      | XOM: harmless Summ miscast
  7510 | D:6      | XOM: fake destruction
  7570 | D:7      | XOM is BORED!
  7570 | D:7      | XOM: polymorph giant gecko -> adder
  7695 | D:7      | Noticed Menkaure
  7704 | D:7      | Killed Menkaure
  7741 | D:7      | XOM: colour smoke trail
  7849 | D:7      | XOM: harmless Necr miscast
  7993 | D:7      | Identified a scroll of acquirement
  8002 | D:7      | Identified a +2 pair of boots of running (You acquired it on level 7 of the Dungeon)
  8145 | D:7      | XOM: silly message
  8187 | D:7      | Reached skill level 11 in Polearms
  8224 | D:7      | XOM: divination: detect creatures
  8315 | D:7      | XOM: potion effect (invisibility)
  8335 | D:7      | XOM: mild Trmt miscast
  8347 | D:7      | Reached XP level 9. HP: 32/63 MP: 9/9
  8520 | D:8      | Found Yfaskuv's Jewellery Emporium.
  8535 | D:8      | Bought an uncursed ring of regeneration for 450 gold pieces
  8539 | D:8      | Found Caarus' Gadget Boutique.
  8557 | D:8      | Noticed Psyche
  8727 | D:8      | Paralysed by Psyche for 6 turns
  8734 | D:8      | Killed Psyche
  8772 | D:7      | XOM: divination: detect creatures
  8820 | D:8      | Found Pleohav's General Store.
  8897 | D:8      | XOM: divination: detect items
  9071 | D:8      | XOM: divination: magic mapping
  9224 | D:8      | Found a glowing golden altar of the Shining One.
  9270 | D:8      | Found Vaafulum's Jewellery Emporium.
  9396 | D:8      | XOM: potion effect (curing)
  9401 | D:8      | Reached skill level 12 in Polearms
  9513 | D:8      | Found Ytuolol's Gadget Boutique.
  9744 | D:9      | XOM: divination: detect items
  9745 | D:9      | XOM: confusion (+ monsters)
  9822 | D:9      | Found a sparkling altar of Nemelex Xobeh.
  9822 | D:9      | XOM: 4-stop teleportation journey
  9824 | D:9      | XOM: blink monster(s)
  9830 | D:9      | XOM: 5-stop teleportation journey
  9938 | D:9      | Noticed Erolcha
  9940 | D:9      | XOM: god gift: scroll of vulnerability
  9959 | D:9      | XOM: enchant monster (good)
 10083 | D:8      | XOM: summons 9 friendly demons
 10191 | D:9      | Noticed Eustachio
 10221 | D:9      | XOM: cast spell 'Metabolic Englaciation'
 10230 | D:9      | Killed Eustachio
 10293 | D:9      | XOM: god gift: 6 poisoned tomahawks
 10448 | D:8      | XOM: destruction
 10608 | D:9      | XOM: vitrification
 10789 | D:9      | Found a staircase to the Orcish Mines.
 10806 | D:9      | XOM: mild Pois miscast
 10900 | D:9      | Reached XP level 10. HP: 21/70 MP: 10/10
 11153 | D:5      | Noticed Dowan
 11171 | D:5      | Killed Duvessa
 11203 | D:5      | Killed Dowan
 11310 | D:4      | XOM: god gift: embroidered cloak {god gift}
 11519 | D:2      | XOM: summons 5 hostile demons
 11730 | D:2      | Killed Sigmund
 12092 | D:6      | Killed DeXoteric's ghost
 12092 | D:6      | Reached skill level 13 in Polearms
 12187 | D:6      | XOM: summons 5 hostile demons
 12246 | D:7      | XOM: harmless Hex miscast
 12427 | D:8      | XOM: vitrification
 12432 | D:9      | XOM: noise
 12552 | D:10     | Entered Level 10 of the Dungeon
 12558 | D:10     | Noticed a hill giant
 12563 | D:10     | Killed a hill giant
 12596 | D:10     | Noticed a hill giant
 12602 | D:10     | Killed a hill giant
 13145 | D:10     | XOM: harmless Chrm miscast
 13220 | D:10     | XOM: potion effect (haste)
 13224 | D:10     | XOM: silly message
 13239 | D:10     | XOM: potion effect (agility)
 13305 | D:10     | XOM: cast spell 'Dispersal'
 13738 | D:11     | Noticed an unseen horror
 13745 | D:11     | Killed an unseen horror
 13745 | D:11     | Reached skill level 14 in Polearms
 13745 | D:11     | Reached XP level 11. HP: 56/75 MP: 11/11
 13772 | D:11     | XOM: silly message
 13968 | D:11     | Found a staircase to the Lair.
 14014 | D:11     | Noticed a skeletal warrior
 14014 | D:11     | Noticed a skeletal warrior
 14014 | D:11     | Noticed a skeletal warrior
 14014 | D:11     | Noticed a skeletal warrior
 14056 | D:11     | XOM: harmless Summ miscast
 14074 | D:11     | XOM: scenery: create altars
 14077 | D:11     | XOM: harmless Necr miscast
 14094 | D:11     | XOM: confuse monster(s)
 14113 | Lair:1   | Entered Level 1 of the Lair of Beasts
 14164 | Lair:1   | XOM: scenery: 1 doors open
 14196 | Lair:1   | XOM: 1-stop teleportation journey
 14197 | Lair:1   | Noticed Nergalle
 14233 | Lair:1   | XOM: summons friendly iron imp
 14238 | Lair:2   | XOM: enchant monster (good)
 14239 | Lair:2   | XOM: confuse monster(s)
 14242 | Lair:1   | XOM: summons friendly crimson imp
 14418 | Lair:2   | XOM: summons friendly crimson imp
 14498 | Lair:2   | XOM: summons friendly ufetubus
 14546 | Lair:2   | XOM: destruction
 14548 | Lair:2   | XOM: summons 2 friendly demons
 14574 | Lair:2   | XOM: noise
 14651 | Lair:2   | XOM: summons friendly quasit
 14666 | Lair:2   | XOM: god gift: 7 poisoned arrows
 14670 | Lair:2   | XOM: god gift: wooden ring {god gift}
 14719 | Lair:2   | XOM: medium Fire miscast
 15200 | Lair:3   | Reached skill level 15 in Polearms
 15242 | Lair:3   | XOM: enchant monster (bad)
 15250 | Lair:3   | XOM: enchant monster (bad)
 15251 | Lair:3   | XOM: summons 3 hostile shadow creatures
 15269 | Lair:3   | XOM: fake destruction
 15288 | Lair:3   | XOM: enchant monster (good)
 15451 | Lair:3   | XOM: silly message
 15529 | Lair:3   | XOM: noise
 15530 | Lair:3   | XOM: noise
 15558 | Lair:3   | XOM: potion effect (invisibility)
 15705 | Lair:3   | Got a steaming animal skin
 15716 | Lair:3   | Identified the +2 animal skin "Pocet" {Str+2 Dex+3 Int+5} (You acquired it on level 3 of the Lair of Beasts)
 15819 | Lair:3   | Reached skill level 1 in Shields
 16019 | Lair:3   | XOM: colour smoke trail
 16189 | Lair:4   | XOM: cast spell 'Olgreb's Toxic Radiance'
 16244 | Lair:4   | XOM: enchant monster (bad)
 16273 | Lair:4   | XOM: 4-stop teleportation journey
 16298 | Lair:4   | XOM: harmless Summ miscast
 16299 | Lair:4   | XOM: divination: magic mapping
 16334 | Lair:4   | XOM: potion effect (brilliance)
 16349 | Lair:4   | Reached XP level 12. HP: 62/83 MP: 12/12
 16457 | Lair:4   | Found a blossoming altar of Fedhas.
 16471 | Lair:4   | Found a dark tunnel.
 16478 | Volcano  | XOM: stealth player
 16478 | Volcano  | Entered a volcano
 16509 | Volcano  | XOM: harmless Summ miscast
 16584 | Volcano  | XOM: silly message
 16632 | Volcano  | XOM: harmless Summ miscast
 16829 | Lair:4   | Learned a level 2 spell: Blink
 16901 | Lair:4   | XOM: harmless Chrm miscast
 16927 | Lair:4   | XOM: potion effect (might)
 16934 | Lair:4   | Reached skill level 1 in Translocations
 17254 | Lair:4   | XOM: blink monster(s)
 17257 | Lair:4   | XOM: confuse monster(s)
 17417 | Lair:4   | XOM: potion effect (haste)
 17454 | Lair:4   | XOM: summons friendly shadow imp
 17464 | Lair:4   | Reached skill level 5 in Shields
 17512 | Lair:4   | XOM: mild Erth miscast
 17624 | Lair:4   | Learned a level 2 spell: Repel Missiles
 17806 | Lair:5   | XOM: swap monsters
 17810 | Lair:5   | Reached skill level 1 in Charms
 17996 | Lair:5   | XOM: 3-stop teleportation journey
 18492 | Lair:5   | Found a staircase to the Swamp.
 18600 | Lair:5   | XOM: mild Conj miscast
 18771 | Lair:6   | XOM: summons 6 hostile demons
 18824 | Lair:6   | XOM: confusion
 18860 | Lair:5   | Learned a level 2 spell: Call Imp
 18869 | Lair:6   | Reached skill level 1 in Summonings
 18903 | Lair:6   | Got an encrusted quarterstaff
 18909 | Lair:6   | Identified the cursed +3 quarterstaff of Beogh {drain, rElec} (You found it on level 6 of the Lair of Beasts)
 18980 | Lair:6   | XOM: summons friendly crimson imp
 18991 | Lair:6   | XOM: confuse monster(s)
 19017 | Lair:6   | XOM: swap monsters
 19023 | Lair:6   | Reached skill level 1 in Dodging
 19250 | Lair:6   | Noticed Erica
 19358 | Lair:6   | Found a hole to the Spider Nest.
 19496 | Lair:6   | Found a viscous altar of Jiyva.
 19496 | Lair:6   | Found a staircase to the Slime Pits.
 19602 | Lair:7   | Noticed an eight-headed hydra
 19863 | Lair:7   | XOM: 1-stop teleportation journey
 19909 | Lair:7   | XOM: swap monsters
 19919 | Lair:7   | XOM: swap monsters
 19948 | Lair:7   | XOM: confuse monster(s)
 19954 | Lair:7   | Reached skill level 5 in Dodging
 19955 | Lair:7   | XOM: confuse monster(s)
 19996 | Lair:7   | Got a bloodstained ring mail
 20013 | Lair:7   | Identified the cursed +0 ring mail of Ujeriw {rC++} (You found it on level 7 of the Lair of Beasts)
 20048 | Lair:7   | Noticed an eight-headed hydra
 20053 | Lair:7   | XOM: summons friendly crimson imp
 20054 | Lair:7   | XOM: cast spell 'Summon Swarm'
 20076 | Lair:7   | Killed an eight-headed hydra
 20115 | Lair:7   | Reached XP level 13. HP: 88/88 MP: 13/13
 20448 | Lair:7   | Got a pair of pitted boots
 20491 | Lair:7   | Identified the cursed +2 pair of boots "Qihoj" {Stlth+} (You found it on level 7 of the Lair of Beasts)
 20498 | Lair:7   | XOM: enchant monster (bad)
 20506 | Lair:7   | XOM: enchant monster (bad)
 20570 | Lair:7   | XOM: summons 2 friendly demons
 20575 | Lair:7   | XOM: swap monsters
 20581 | Lair:7   | Killed an eight-headed hydra
 20674 | Lair:8   | Entered Level 8 of the Lair of Beasts
 20678 | Lair:8   | XOM: 3-stop teleportation journey
 20693 | Lair:8   | Noticed Harold
 20708 | Lair:8   | XOM: summons 10 friendly demons
 20727 | Lair:8   | XOM: summons friendly quasit
 20737 | Lair:8   | Killed Harold
 20764 | Lair:8   | XOM: enchant monster (good)
 20782 | Lair:8   | XOM: confuse monster(s)
 20817 | Lair:8   | XOM: potion effect (agility)
 20936 | Lair:8   | XOM: silly message
 20940 | Lair:8   | XOM: 3-stop teleportation journey
 20957 | Lair:8   | XOM: enchant monster (good)
 20978 | Lair:8   | XOM: divination: detect creatures
 21013 | Lair:8   | XOM: silly message
 21243 | Lair:8   | XOM: destruction
 21254 | Lair:8   | XOM: summons 2 friendly demons
 21299 | Lair:8   | Got a warped hat
 21311 | Lair:8   | Identified the +1 hat "Iriott" {rF+ Str+3} (You found it on level 8 of the Lair of Beasts)
 21339 | Lair:8   | XOM: divination: detect creatures
 21376 | Lair:8   | XOM: enchant monster (good)
 21454 | Lair:8   | XOM: noise
 21511 | Lair:8   | XOM: summons 4 friendly demons
 21514 | Lair:8   | XOM: mild Erth miscast
 21627 | Lair:8   | Noticed Fannar
 21636 | Lair:8   | XOM: fake destruction
 21666 | Lair:8   | Killed Fannar
 21803 | Lair:8   | XOM: vitrification
 21888 | Lair:8   | XOM: enchant monster (good)
 21894 | Lair:8   | XOM: summons friendly crimson imp
 21897 | Lair:8   | XOM: potion effect (curing)
 21925 | Lair:8   | XOM: swap monsters
 21930 | Lair:8   | XOM: cast spell 'Summon Hydra'
 22185 | Lair:8   | Noticed a dire elephant
 22208 | Lair:8   | XOM: confusion (+ monsters)
 22216 | Lair:8   | XOM: fake destruction
 22253 | Lair:8   | XOM: confuse monster(s)
 22256 | Lair:8   | Killed a dire elephant
 22272 | Lair:8   | XOM: enchant monster (good)
 22641 | Lair:1   | XOM: enchant monster (good)
 22834 | Lair:1   | XOM: noise
 23033 | Lair:1   | XOM: harmless Hex miscast
 23110 | D:11     | XOM: cast spell 'Cause Fear'
 23139 | D:11     | XOM: cast spell 'Blink'
 23143 | D:11     | Noticed a hill giant
 23146 | D:11     | XOM: potion effect (agility)
 23150 | D:11     | XOM: confuse monster(s)
 23178 | D:11     | Killed a skeletal warrior
 23179 | D:11     | Killed a skeletal warrior
 23183 | D:11     | XOM: mild Hex miscast
 23195 | D:11     | Killed a skeletal warrior
 23196 | D:11     | Killed a hill giant
 23205 | D:11     | Noticed a skeletal warrior
 23233 | D:11     | XOM: divination: magic mapping
 23342 | D:11     | Found a portal to a secret trove of treasure.
 23396 | D:11     | XOM: harmless Hex miscast
 23452 | D:11     | Noticed Gastronok
 23493 | D:11     | Killed Gastronok
 23493 | D:11     | Reached XP level 14. HP: 55/95 MP: 14/14
 23663 | D:11     | XOM: silly message
 23672 | D:11     | XOM: potion effect (brilliance)
 23824 | D:11     | Killed a skeletal warrior
 23824 | D:11     | Reached skill level 5 in Armour
 24063 | D:12     | XOM: potion effect (haste)
 24066 | D:12     | XOM: potion effect (invisibility)
 24184 | D:12     | XOM: cast spell 'Blink'
 24216 | D:12     | XOM: confuse monster(s)
 24405 | D:12     | XOM: harmless Hex miscast
 24507 | D:12     | Found a shattered altar of Ashenzari.
 24537 | D:12     | XOM: divination: magic mapping
 24565 | D:12     | XOM: potion effect (brilliance)
 24581 | D:11     | XOM: divination: detect creatures
 24764 | D:12     | XOM: harmless Trmt miscast
 24820 | D:12     | XOM: silly message
 24974 | D:12     | Got a warped scale mail
 25042 | D:11     | Identified the +2 scale mail of Greed {+Rage +Fly rC+ Stlth--} (You found it on level 12 of the Dungeon)
 25153 | D:12     | XOM: potion effect (brilliance)
 25291 | D:13     | XOM: silly message
 25674 | D:13     | XOM: divination: detect items
 25874 | D:13     | XOM: noise
 26024 | D:14     | Learned a level 1 spell: Apportation
 26093 | D:14     | Found a gate to the Vaults.
 26093 | D:14     | XOM: 5-stop teleportation journey
 26219 | D:14     | XOM: confuse monster(s)
 26458 | D:14     | XOM: confuse monster(s)
 26561 | D:14     | XOM: destruction
 26572 | D:14     | XOM: cast spell 'Monstrous Menagerie'
 26708 | D:15     | Entered Level 15 of the Dungeon
 26712 | D:15     | XOM: polymorph giant frog -> boggart
 26726 | D:15     | XOM is BORED!
 26726 | D:15     | XOM: mild Ice miscast
 26898 | D:15     | Found Twifiori's Book Shoppe.
 26937 | D:15     | XOM: destruction
 26961 | D:15     | XOM: noise
 27040 | D:15     | XOM: confusion (+ monsters)
 27103 | D:15     | XOM: enchant monster (good)
 27117 | D:15     | XOM: destruction
 27123 | D:15     | XOM: divination: detect creatures
 27165 | D:15     | XOM: fake destruction
 27177 | D:15     | XOM: potion effect (heal wounds)
 27184 | D:15     | Reached skill level 5 in Charms
 27223 | D:15     | XOM: enchant monster (bad)
 27236 | D:15     | XOM: swap monsters
 27242 | D:15     | XOM: summons 11 friendly demons
 27258 | D:15     | Bought a book of Wizardry for 510 gold pieces
 27355 | D:15     | XOM: divination: detect creatures
 27394 | D:15     | XOM: summons 4 friendly demons
 27428 | D:15     | Found a staircase to the Depths.
 27428 | D:15     | XOM: 3-stop teleportation journey
 27443 | D:15     | XOM: 1-stop teleportation journey
 27444 | D:15     | Noticed Maud
 27524 | D:14     | XOM: mild Conj miscast
 27525 | D:14     | XOM: confuse monster(s)
 27687 | D:9      | XOM: confuse monster(s)
 27774 | Orc:1    | Entered Level 1 of the Orcish Mines
 28033 | Orc:2    | Found a burning altar of Makhleb.
 28109 | Orc:1    | Found Tryawn's Weapon Boutique.
 28111 | Orc:1    | Found Teqac's Book Emporium.
 28180 | Orc:1    | Found Iso Buipn's Armour Shop.
 28187 | Orc:1    | Found Guhixtet's Weapon Shoppe.
 28259 | Orc:1    | XOM: harmless Chrm miscast
 28427 | Orc:1    | Got a twisted hat
 28435 | Orc:1    | Identified the cursed +0 hat "Kuusin" {Str-3 Int+3} (You found it on level 1 of the Orcish Mines)
 28457 | Orc:1    | Got a smoking hat
 28463 | Orc:1    | Identified the cursed +1 hat of the Lost Beggars {MR+ SInv} (You found it on level 1 of the Orcish Mines)
 28699 | Orc:1    | Found Sebu's General Store.
 28954 | Orc:2    | XOM: medium Ice miscast
 29143 | Orc:2    | XOM: noise
 29291 | D:10     | XOM: cast spell 'Confusing Touch'
 29339 | D:11     | XOM: harmless Divn miscast
 29383 | D:11     | XOM: potion effect (brilliance)
 29384 | D:11     | XOM: enchant monster (good)
 29456 | Lair:2   | Learned a level 4 spell: Control Teleport
 29553 | D:11     | Killed a skeletal warrior
 29889 | D:9      | Killed Erolcha
 30095 | Orc:3    | Reached XP level 15. HP: 100/100 MP: 8/15
 30127 | Orc:3    | Found Winetzae's Jewellery Boutique.
 30137 | Orc:3    | XOM: vitrification
 30144 | Orc:3    | XOM: silly message
 30476 | Orc:2    | XOM is BORED!
 30476 | Orc:2    | XOM: noise
 30504 | Orc:4    | Entered Level 4 of the Orcish Mines
 30506 | Orc:4    | XOM: divination: detect items
 30516 | Orc:4    | Found a staircase to the Elven Halls.
 30638 | Orc:4    | XOM: divination: detect items
 30688 | Orc:4    | XOM: polymorph orc wizard -> orange rat
 30746 | Orc:4    | Found a shimmering altar of Xom.
 30951 | Orc:4    | XOM: divination: magic mapping
 31010 | Orc:4    | XOM: divination: magic mapping
 31134 | Orc:4    | XOM: harmless Summ miscast
 31160 | Orc:4    | XOM: swap weapons
 31266 | Orc:3    | XOM: medium Hex miscast
 31404 | Orc:4    | XOM: summons 5 friendly demons
 31625 | Orc:4    | XOM: swap monsters
 31838 | Orc:4    | XOM: cast spell 'Conjure Ball Lightning'
 31844 | Orc:4    | XOM: cast spell 'Conjure Ball Lightning'
 32132 | Orc:4    | XOM: swap monsters
 32242 | Orc:3    | XOM: summons 2 friendly demons
 32417 | Orc:4    | XOM: swap monsters
 32442 | Orc:4    | Found Xagaurcheusch's General Store.
 32443 | Orc:4    | Found Jesol's Book Emporium.
 32444 | Orc:4    | Found Evaisagh's Antique Armour Emporium.
 32444 | Orc:4    | Found Vongif's Antique Weapon Shoppe.
 32471 | Orc:4    | XOM: harmless Chrm miscast
 32484 | Orc:4    | Bought a glowing ring mail for 128 gold pieces
 32545 | Orc:4    | XOM: god gift: scroll of enchant weapon
 32557 | Orc:4    | XOM: polymorph orc high priest -> snapping turtle
 32681 | Orc:2    | XOM: harmless Fire miscast
 32762 | D:8      | Bought an uncursed ring of wizardry for 450 gold pieces
 32765 | D:8      | Bought an uncursed amulet of clarity for 300 gold pieces
 33040 | Lair:4   | XOM: mild Fire miscast
 33083 | Lair:5   | XOM: vitrification
 33087 | Swamp:1  | XOM: stealth player
 33087 | Swamp:1  | Entered Level 1 of the Swamp
 33107 | Swamp:1  | XOM: enchant monster (bad)
 33207 | Swamp:1  | XOM: noise
 33229 | Swamp:1  | XOM: potion effect (brilliance)
 33435 | Swamp:1  | Noticed Roxanne
 33448 | Swamp:1  | Reached skill level 10 in Charms
 33533 | Swamp:1  | XOM: summons 6 friendly demons
 33627 | Swamp:1  | XOM: confuse monster(s)
 33710 | Swamp:1  | XOM: cast spell 'Olgreb's Toxic Radiance'
 33716 | Swamp:1  | XOM: divination: magic mapping
 33723 | Swamp:1  | XOM: summons friendly iron imp
 33726 | Swamp:1  | XOM: summons 3 friendly demons
 33834 | Swamp:1  | XOM: medium Fire miscast
 34289 | Swamp:1  | XOM: noise
 34368 | Swamp:2  | XOM: confuse monster(s)
 34373 | Swamp:2  | XOM: 2-stop teleportation journey
 34377 | Swamp:2  | XOM: mild Ice miscast
 34379 | Swamp:2  | XOM: enchant monster (bad)
 34389 | Swamp:2  | XOM: polymorph swamp worm -> hill giant
 34390 | Swamp:2  | XOM: summons friendly ufetubus
 34403 | Swamp:2  | XOM: cast spell 'Summon Dragon'
 34759 | Swamp:2  | XOM: god gift: 47 gold pieces
 34763 | Swamp:2  | Reached skill level 1 in Spellcasting
 34844 | Swamp:2  | XOM: god gift: wand of slowing {god gift}
 34924 | Swamp:2  | XOM: cast spell 'Summon Hydra'
 35465 | Swamp:3  | XOM: destruction
 35466 | Swamp:3  | XOM: summons friendly quasit
 35476 | Swamp:3  | XOM: confuse monster(s)
 35490 | Swamp:3  | XOM: noise
 35521 | Swamp:3  | XOM: mild Trmt miscast
 35523 | Swamp:3  | XOM: harmless Divn miscast
 35590 | Swamp:3  | Learned a level 6 spell: Haste
 35596 | Swamp:3  | Got a pair of smoking gloves
 35607 | Swamp:3  | Identified the +0 pair of gloves of Theory {Int-1} (You found it on level 3 of the Swamp)
 35719 | Swamp:3  | XOM: divination: magic mapping
 35855 | Swamp:3  | XOM: summons friendly shadow imp
 35963 | Swamp:3  | XOM: confuse monster(s)
 36295 | Swamp:4  | XOM: cast spell 'Cause Fear'
 36299 | Swamp:4  | XOM: enchant monster (bad)
 36301 | Swamp:4  | XOM: confuse monster(s)
 36334 | Swamp:4  | XOM: blink monster(s)
 36344 | Swamp:4  | XOM: noise
 36380 | Swamp:4  | XOM: silly message
 36582 | Swamp:3  | XOM: mild Trmt miscast
 36614 | Swamp:4  | Reached XP level 16. HP: 100/106 MP: 22/22
 36811 | Swamp:4  | XOM: silly message
 36819 | Swamp:4  | XOM: polymorph shambling mangrove -> thorn hunter
 36824 | Swamp:4  | XOM: summons 5 friendly demons
 36843 | Swamp:4  | XOM: cast spell 'Discord'
 36884 | Swamp:4  | XOM: 7-stop teleportation journey
 37021 | Swamp:4  | XOM: divine lightning
 37051 | Swamp:4  | XOM: enchant monster (good)
 37090 | Swamp:4  | XOM: enchant monster (bad)
 37183 | Swamp:4  | Noticed a thorn hunter
 37193 | Swamp:4  | XOM: potion effect (might)
 37398 | Lair:6   | XOM: enchant monster (bad)
 37412 | Lair:6   | Killed Erica
 37523 | Spider:1 | XOM: noise
 37523 | Spider:1 | Entered Level 1 of the Spider Nest
 37530 | Spider:1 | Reached skill level 10 in Dodging
 37540 | Spider:1 | Noticed Asterion
 37548 | Spider:1 | XOM: harmless Necr miscast
 37549 | Spider:1 | Noticed a spectral weapon
 37552 | Spider:1 | XOM: confuse monster(s)
 37557 | Spider:1 | XOM: confuse monster(s)
 37563 | Spider:1 | Killed Asterion
 37730 | Spider:1 | XOM: noise
 37760 | Spider:1 | XOM: divination: detect items
 37870 | Spider:1 | XOM: silly message
 37931 | Spider:1 | XOM: enchant monster (bad)
 37934 | Spider:1 | XOM: noise
 38070 | Spider:1 | XOM: summons friendly shadow imp
 38300 | Spider:2 | XOM: silly message
 38324 | Spider:2 | Got a shimmering quarterstaff
 38330 | Spider:2 | Identified the +11 quarterstaff "Hieh" {drain, rF+} (You found it on level 2 of the Spider Nest)
 38404 | Spider:2 | XOM: divination: detect creatures
 38469 | Spider:2 | XOM: mild Conj miscast
 38554 | Spider:2 | XOM: silly message
 38644 | Spider:2 | XOM: summons friendly iron imp
 38656 | Spider:2 | XOM: enchant monster (bad)
 38740 | Spider:2 | XOM: blink monster(s)
 38764 | Spider:2 | XOM: mild Erth miscast
 38801 | Spider:2 | XOM: divination: detect creatures
 39017 | Spider:2 | Noticed Nessos
 39140 | Spider:2 | XOM: silly message
 39152 | Spider:2 | XOM: potion effect (agility)
 39166 | Spider:2 | Noticed Wiglaf
 39178 | Spider:3 | Noticed Rupert
 39205 | Spider:3 | Killed Rupert
 39428 | Spider:3 | XOM: divination: detect items
 39826 | Spider:3 | XOM: mild Trmt miscast
 39993 | Spider:3 | XOM: summons friendly quasit
 40075 | Spider:3 | XOM: god gift: 58 gold pieces
 40338 | Spider:3 | XOM: god gift: 2 gluggy brown potions
 40420 | Spider:3 | XOM: divination: detect creatures
 40421 | Spider:3 | XOM: destruction
 40645 | Spider:4 | XOM: summons 5 friendly demons
 40646 | Spider:4 | Noticed Frances
 40697 | Spider:3 | XOM: colour smoke trail
 40782 | Spider:4 | XOM: potion effect (agility)
 40850 | Spider:4 | XOM: divination: detect creatures
 40854 | Spider:4 | XOM: cast spell 'Conjure Ball Lightning'
 40881 | Spider:4 | XOM: summons 8 friendly demons
 40936 | Spider:4 | XOM: potion effect (heal wounds)
 40943 | Spider:4 | XOM: confuse monster(s)
 40950 | Spider:4 | XOM: harmless Chrm miscast
 40951 | Spider:4 | XOM: harmless Trmt miscast
 41136 | Spider:4 | XOM: polymorph tarantella -> redback
 41236 | Spider:4 | Got a distressingly furry chain mail
 41254 | Spider:4 | Identified the cursed -4 chain mail of Manedghugi {+Fly rN+} (You found it on level 4 of the Spider Nest)
 41322 | Spider:4 | XOM: polymorph orb spider -> yaktaur
 41446 | Spider:4 | Reached XP level 17. HP: 111/111 MP: 23/23
 41724 | Spider:4 | XOM: enchant monster (bad)
 41794 | Spider:4 | Killed Frances
 41794 | Spider:4 | Reached skill level 5 in Fighting
 41945 | Spider:4 | XOM: summons 8 hostile demons
 42110 | Spider:5 | Entered Level 5 of the Spider Nest
 42149 | Spider:5 | XOM: 1-stop teleportation journey
 42156 | Spider:5 | XOM: polymorph demonic crawler -> efreet
 42168 | Spider:5 | XOM: blink monster(s)
 42175 | Spider:5 | XOM: noise
 42182 | Spider:5 | XOM: blink monster(s)
 42183 | Spider:5 | Noticed Arachne
 42496 | Lair:6   | XOM: mild Hex miscast
 42703 | Swamp:4  | XOM: fake destruction
 42705 | Swamp:4  | Killed a thorn hunter
 42841 | Swamp:5  | Entered Level 5 of the Swamp
 42900 | Swamp:5  | HP: 4/118 [thorn hunter (2)]
 43023 | Swamp:5  | XOM: summons 3 hostile shadow creatures
 43063 | Swamp:4  | XOM: mild Conj miscast
 43259 | Swamp:5  | XOM: summons friendly white imp
 43274 | Swamp:5  | XOM: divination: detect items
 43575 | Swamp:5  | XOM: silly message
 43660 | Swamp:5  | XOM: mild Chrm miscast
 43778 | Swamp:5  | Learned a level 5 spell: Phase Shift
 43961 | Swamp:5  | XOM: fake destruction
 44197 | Swamp:5  | XOM: harmless Hex miscast
 44216 | Swamp:5  | XOM: medium Tloc miscast
 44224 | Swamp:4  | XOM: polymorph five-headed hydra -> black draconian
 44340 | Swamp:5  | XOM: medium Summ miscast
 44355 | Swamp:5  | XOM: noise
 44374 | Swamp:5  | XOM: harmless Ice miscast
 44382 | Swamp:5  | XOM: harmless Necr miscast
 44385 | Swamp:5  | XOM: noise
 44386 | Swamp:5  | XOM: mild Erth miscast
 44399 | Swamp:5  | XOM: harmless Erth miscast
 44434 | Swamp:5  | XOM: severe Chrm miscast
 44479 | Swamp:4  | XOM: repel stairs
 44500 | Swamp:4  | XOM: enchant monster (bad)
 44566 | Swamp:4  | XOM: harmless Chrm miscast
 44688 | Swamp:5  | Got a decaying rune of Zot
 45032 | Lair:1   | Killed Nergalle
 45239 | Lair:1   | Reached skill level 10 in Fighting
 45471 | D:15     | XOM: silly message
 45551 | D:15     | Reached skill level 10 in Shields
 45634 | D:15     | Found Trau's Distillery.
 45838 | D:15     | XOM: medium Pois miscast
 45840 | D:15     | Noticed Snorg
 45853 | D:15     | XOM: confuse monster(s)
 45860 | D:15     | XOM: noise
 45875 | D:15     | Killed Snorg
 45896 | D:15     | Killed Maud
 45956 | D:14     | XOM: cast spell 'Summon Swarm'
 45989 | D:14     | XOM: noise
 46203 | D:15     | XOM: mild Chrm miscast
 46286 | D:15     | Found a glowing silver altar of Zin.
 46287 | D:15     | Noticed an angel
 46328 | D:15     | XOM: harmless Necr miscast
 46397 | Vaults:1 | Entered Level 1 of the Vaults
 46410 | Vaults:1 | XOM: 2-stop teleportation journey
 46504 | Vaults:1 | XOM: enchant monster (bad)
 46505 | Vaults:1 | XOM: silly message
 46542 | Vaults:1 | XOM: medium Trmt miscast
 46543 | Vaults:1 | XOM: medium Necr miscast
 46551 | Vaults:1 | XOM: noise
 46563 | Vaults:1 | XOM: polymorph wolf spider -> alligator
 46564 | Vaults:1 | XOM: blink monster(s)
 46609 | Vaults:1 | XOM: swap weapons
 46612 | Vaults:1 | XOM: mild Hex miscast
 46634 | Vaults:1 | XOM: 2-stop teleportation journey
 46798 | Vaults:1 | XOM: enchant monster (bad)
 46851 | Vaults:1 | XOM: potion effect (invisibility)
 46858 | Vaults:1 | XOM: blink monster(s)
 46905 | Vaults:1 | XOM: enchant monster (good)
 46950 | Vaults:1 | XOM: mild Necr miscast
 47034 | Vaults:1 | XOM: polymorph yaktaur captain -> black draconian
 47045 | Vaults:1 | XOM: harmless Chrm miscast
 47137 | Vaults:1 | XOM: enchant monster (good)
 47156 | Vaults:1 | XOM: summons 7 friendly demons
 47159 | Vaults:1 | Reached XP level 18. HP: 91/134 MP: 25/25
 47331 | Vaults:1 | XOM: god gift: hunting sling {god gift}
 47411 | Vaults:1 | XOM: polymorph ironbrand convoker -> boring beetle
 47445 | Vaults:1 | XOM: cast spell 'Monstrous Menagerie'
 47724 | Vaults:1 | XOM: swap monsters
 47742 | Vaults:1 | XOM: summons 2 friendly demons
 47773 | Vaults:1 | XOM: enchant monster (good)
 47887 | Vaults:1 | Found Ite Plau's Armour Emporium.
 48118 | Vaults:1 | XOM: divination: detect creatures
 48123 | Vaults:1 | XOM: potion effect (agility)
 48132 | Vaults:1 | XOM: harmless Tloc miscast
 48153 | Vaults:1 | XOM: summons 1 hostile demon
 48460 | Vaults:2 | XOM: enchant monster (good)
 48472 | Vaults:2 | XOM: noise
 48528 | Vaults:2 | XOM: 5-stop teleportation journey
 48858 | Vaults:2 | XOM: confuse monster(s)
 48902 | Vaults:2 | XOM: enchant monster (good)
 49094 | Vaults:2 | XOM: vitrification
 49256 | Vaults:2 | XOM: summons 2 friendly demons
 49332 | Vaults:2 | Got a dazzling ring mail
 49351 | Vaults:2 | Identified the +6 ring mail "Smaih" {Slay+6} (You acquired it on level 2 of the Vaults)
 49465 | Vaults:2 | XOM: summons 6 friendly demons
 49561 | Vaults:2 | XOM: god gift: white potion {tried by monster}
 49701 | Vaults:2 | XOM: destruction
 49799 | Vaults:2 | XOM: confuse monster(s)
 49818 | Vaults:2 | XOM: enchant monster (good)
 50118 | D:15     | XOM: harmless Erth miscast
 50136 | D:15     | XOM: god gift: legendary deck of cards {god gift}
 50216 | D:14     | XOM: god gift: 7 meat rations
 50546 | Vaults:3 | XOM: swap monsters
 50557 | Vaults:3 | Found Ghuigroo's Assorted Antiques.
 50564 | Vaults:3 | Bought an embroidered cloak for 94 gold pieces
 50569 | Vaults:3 | Learned a level 3 spell: Flight
 50621 | Vaults:3 | Reached XP level 19. HP: 109/140 MP: 28/28
 50715 | Vaults:3 | Noticed Agnes
 50723 | Vaults:3 | XOM: destruction
 50733 | Vaults:3 | Found a basalt altar of Yredelemnul.
 50733 | Vaults:3 | Found a staircase to the Crypt.
 50733 | Vaults:3 | Found an ancient bone altar of Kikubaaqudgha.
 50823 | Vaults:3 | XOM: 1-stop teleportation journey
 51031 | Vaults:3 | Reached skill level 15 in Shields
 51097 | Vaults:3 | XOM: summons friendly white imp
 51115 | Vaults:3 | XOM: polymorph vault guard -> queen ant
 51117 | Vaults:3 | XOM: destruction
 51240 | Vaults:3 | XOM: summons 8 friendly demons
 51259 | Vaults:3 | XOM: enchant monster (good)
 51288 | Vaults:3 | XOM: summons friendly shadow imp
 51293 | Vaults:3 | XOM: potion effect (magic)
 51310 | Vaults:3 | XOM: enchant monster (good)
 51318 | Vaults:3 | XOM: summons friendly crimson imp
 51365 | Vaults:3 | XOM: summons friendly white imp
 51517 | Vaults:2 | XOM: harmless Conj miscast
 51570 | Vaults:3 | XOM: harmless Fire miscast
 51658 | Vaults:3 | Reached skill level 5 in Translocations
 51736 | Vaults:3 | XOM: mild Conj miscast
 51825 | Vaults:3 | XOM: noise
 51906 | Vaults:3 | XOM: noise
 51932 | Vaults:3 | XOM: summons friendly shadow imp
 51978 | Vaults:3 | XOM: 3-stop teleportation journey
 52567 | Vaults:3 | XOM: polymorph stone giant -> sphinx
 52616 | Vaults:3 | XOM: harmless Conj miscast
 52640 | Vaults:3 | XOM: god gift: hunting sling {god gift}
 52652 | Vaults:3 | XOM: summons friendly hellwing
 52661 | Vaults:3 | XOM: destruction
 52662 | Vaults:3 | XOM: summons 10 friendly demons
 52699 | Vaults:3 | XOM: enchant monster (good)
 52711 | Vaults:3 | XOM: summons 2 hostile shadow creatures
 52830 | Vaults:3 | XOM: noise
 52848 | Vaults:3 | XOM: summons friendly shadow imp
 52891 | Vaults:3 | XOM: silly message
 52947 | Vaults:3 | XOM: divine lightning
 52958 | Vaults:3 | XOM: harmless Hex miscast
 52980 | Vaults:3 | XOM: harmless Trmt miscast
 53040 | Vaults:3 | Got a transparent spear
 53052 | Vaults:3 | Identified the +7 spear of Kismet {pierce, Stlth++} (You took it off a deep elf high priest on level 3 of the Vaults)
 53174 | Vaults:3 | XOM: medium Chrm miscast
 53272 | Vaults:3 | XOM: mild Erth miscast
 53315 | Vaults:4 | Noticed Jory
 53441 | Crypt:1  | Entered Level 1 of the Crypt
 53623 | Crypt:1  | XOM: harmless Tloc miscast
 53661 | Crypt:1  | XOM: summons friendly shadow imp
 53662 | Crypt:1  | XOM: confuse monster(s)
 53676 | Crypt:1  | XOM: 1-stop teleportation journey
 53787 | Crypt:1  | XOM: blink monster(s)
 53844 | Crypt:1  | XOM: 2-stop teleportation journey
 53890 | Crypt:1  | XOM: blink monster(s)
 53904 | Crypt:1  | Noticed Margery
 53914 | Crypt:1  | XOM: swap monsters
 53920 | Crypt:1  | XOM: god gift: leatherbound book {god gift}
 53949 | Crypt:1  | Killed Margery
 53984 | Crypt:1  | XOM: enchant monster (bad)
 54142 | Crypt:1  | XOM: cast spell 'Metabolic Englaciation'
 54246 | Crypt:1  | Got a dazzling mace {flame}
 54247 | Crypt:1  | Identified the +12 mace "Jyreg" {flame, +Blink +Rage Int-1 SInv} (You took it off a vampire mage on level 1 of the Crypt)
 54281 | Crypt:1  | XOM: noise
 54404 | Crypt:1  | XOM: mild Summ miscast
 54754 | Crypt:1  | Reached XP level 20. HP: 102/142 MP: 28/28
 54770 | Crypt:1  | XOM: mild Pois miscast
 54786 | Crypt:1  | XOM: summons 7 friendly demons
 54869 | Crypt:1  | XOM: harmless Tloc miscast
 54912 | Crypt:1  | XOM: harmless Trmt miscast
 54916 | Crypt:1  | XOM: noise
 54930 | Crypt:1  | XOM: enchant monster (bad)
 54931 | Crypt:1  | XOM: silly message
 55170 | Crypt:2  | XOM: colour smoke trail
 55205 | Crypt:2  | Noticed Mara
 55264 | Crypt:1  | XOM: harmless Chrm miscast
 55389 | D:14     | XOM: vitrification
 55503 | Depths:1 | Entered Level 1 of the Depths
 55536 | Depths:1 | XOM: god gift: leather armour {god gift}
 55565 | Depths:1 | XOM: summons 10 friendly demons
 55657 | Depths:1 | XOM: swap monsters
 55685 | Depths:1 | XOM: cast spell 'Summon Dragon'
 55738 | Depths:1 | XOM: potion effect (heal wounds)
 55742 | Depths:1 | XOM: summons 12 friendly demons
 55745 | Depths:1 | XOM: confuse monster(s)
 55751 | Depths:1 | XOM: enchant monster (good)
 55886 | Depths:1 | XOM: swap monsters
 55903 | Depths:1 | XOM: confuse monster(s)
 55910 | Depths:1 | XOM: divine lightning (protected)
 55946 | Depths:1 | XOM: vitrification
 56161 | Depths:1 | XOM: confuse monster(s)
 56187 | Depths:1 | Found a one-way gate to the infinite horrors of the Abyss.
 56204 | Depths:1 | XOM: polymorph spriggan defender -> pale draconian
 56369 | Depths:1 | Noticed Sojobo
 56450 | Depths:1 | XOM: summons 3 friendly demons
 56453 | Depths:1 | XOM: polymorph shadow imp -> iron imp
 56624 | Depths:1 | XOM: divination: magic mapping
 56723 | Depths:1 | XOM: divination: detect creatures
 56739 | Depths:1 | XOM: divination: detect creatures
 56777 | Depths:1 | XOM: summons friendly crimson imp
 56815 | Depths:1 | XOM: confuse monster(s)
 56848 | Depths:1 | Reached skill level 5 in Stealth
 56878 | Depths:1 | Identified a +4 rod of clouds (11/11) (You found it on level 1 of the Depths)
 56888 | Depths:1 | Got a slimy pewter ring
 56890 | Depths:1 | Identified the ring of Goget {Dex+4 Int+3 SInv} (You found it on level 1 of the Depths)
 56946 | Depths:1 | XOM: divination: detect items
 56985 | Depths:1 | XOM: polymorph rakshasa -> rakshasa
 57101 | Depths:1 | Found Pserip Daha's General Store.
 57110 | Depths:1 | XOM: potion effect (haste)
 57139 | Depths:1 | Bought a scroll of enchant armour for 120 gold pieces
 57158 | Depths:1 | XOM: silly message
 57184 | Depths:1 | XOM: cast spell 'Summon Ice Beast'
 57216 | Depths:1 | XOM: fake destruction
 57283 | Depths:1 | XOM: summons 2 friendly demons
 57309 | Depths:1 | XOM: blink monster(s)
 57317 | Depths:1 | XOM: summons 5 hostile demons
 57344 | Depths:1 | XOM: blink monster(s)
 57456 | Depths:1 | XOM: mild Hex miscast
 57645 | Depths:1 | XOM: repel stairs
 57646 | Depths:1 | XOM: harmless Chrm miscast
 57744 | Depths:2 | XOM: swap monsters
 57746 | Depths:2 | XOM: enchant monster (good)
 57772 | Depths:2 | XOM: noise
 57823 | Depths:2 | XOM: polymorph fire giant -> sphinx
 57841 | Depths:2 | XOM: 1-stop teleportation journey
 57895 | Depths:2 | XOM: noise
 57901 | Depths:2 | XOM: noise
 57923 | Depths:2 | XOM: cast spell 'Confusing Touch'
 57925 | Depths:1 | XOM: confuse monster(s)
 58032 | Depths:2 | Paralysed by a sphinx for 6 turns
 58058 | Depths:2 | Found a gateway to Hell.
 58091 | Depths:2 | XOM: potion effect (magic)
 58099 | Depths:2 | XOM: harmless Necr miscast
 58107 | Depths:2 | XOM: divination: detect items
 58170 | Depths:2 | XOM: harmless Hex miscast
 58197 | Depths:2 | XOM: harmless Divn miscast
 58364 | Depths:2 | XOM: harmless Conj miscast
 58388 | Depths:2 | XOM: cast spell 'Summon Butterflies'
 58516 | Depths:2 | Got a pitted ring mail
 58532 | Depths:2 | Identified the cursed +1 ring mail "Zolepaadu" {Str-1 Int-3} (You found it on level 2 of the Depths)
 58704 | Depths:2 | XOM: harmless Divn miscast
 58710 | Depths:2 | XOM: noise
 58744 | Depths:2 | XOM: potion effect (heal wounds)
 58748 | Depths:2 | XOM: polymorph yaktaur captain -> grey draconian
 58765 | Depths:2 | XOM: confuse monster(s)
 58782 | Depths:2 | XOM: divination: detect creatures
 58790 | Depths:2 | XOM: noise
 58792 | Depths:2 | XOM: cast spell 'Metabolic Englaciation'
 58794 | Depths:2 | XOM: potion effect (invisibility)
 58820 | Depths:2 | Reached XP level 21. HP: 153/153 MP: 29/29
 58841 | Depths:2 | XOM: scenery: 2 doors close
 58888 | Depths:2 | XOM: polymorph fire giant -> alligator snapping turtle
 58896 | Depths:2 | XOM: noise
 58968 | Depths:2 | XOM: harmless Hex miscast
 59090 | Depths:2 | Found a one-way gate leading to the halls of Pandemonium.
 59175 | Depths:2 | XOM: enchant monster (bad)
 59258 | Depths:2 | XOM: harmless Ice miscast
 59276 | Depths:2 | XOM: enchant monster (bad)
 59421 | Depths:3 | XOM: enchant monster (good)
 59521 | Depths:3 | XOM: blink monster(s)
 59624 | Depths:3 | XOM: enchant monster (bad)
 59678 | Depths:3 | XOM: summons 5 friendly demons
 59690 | Depths:3 | XOM: repel stairs
 59728 | Depths:3 | Reached skill level 10 in Translocations
 59728 | Depths:3 | XOM: destruction
 59735 | Depths:3 | XOM: divination: detect items
 59806 | Depths:3 | XOM: noise
 59850 | Depths:3 | XOM: summons 5 friendly demons
 59866 | Depths:3 | XOM: summons friendly iron imp
 59905 | Depths:3 | XOM: vitrification
 59963 | Depths:3 | Found a gateway to a ziggurat.
 60157 | Depths:3 | XOM: god gift: glowing short sword {god gift}
 60168 | Depths:3 | XOM: destruction
 60405 | Depths:3 | XOM: summons friendly shadow imp
 60411 | Depths:3 | XOM: summons friendly ufetubus
 60480 | Depths:3 | Noticed a greater mummy
 60480 | Depths:3 | XOM: god gift: 16 gold pieces
 60508 | Depths:3 | XOM: blink monster(s)
 60539 | Depths:3 | XOM: harmless Pois miscast
 60556 | Depths:3 | Killed a greater mummy
 60648 | Depths:3 | Learned a level 2 spell: Shroud of Golubria
 60713 | Depths:4 | XOM: enchant monster (bad)
 60738 | Depths:3 | XOM: blink monster(s)
 60781 | Depths:4 | XOM: destruction
 60785 | Depths:4 | XOM: enchant monster (good)
 60799 | Depths:4 | XOM: enchant monster (good)
 60854 | Depths:3 | XOM: potion effect (experience)
 60854 | Depths:3 | Reached skill level 5 in Spellcasting
 60854 | Depths:3 | Reached XP level 22. HP: 161/161 MP: 29/31
 60898 | Depths:4 | XOM: vitrification
 60900 | Depths:4 | XOM: polymorph fire giant -> sphinx
 60908 | Depths:4 | Reached skill level 5 in Summonings
 60917 | Depths:4 | XOM: swap monsters
 61027 | Depths:4 | XOM: confuse monster(s)
 61057 | Depths:4 | XOM: destruction
 61080 | Depths:4 | XOM: destruction
 61163 | Depths:4 | XOM: summons friendly shadow imp
 61171 | Depths:4 | XOM: silly message
 61193 | Depths:4 | Learned a level 5 spell: Summon Forest
 61229 | Depths:4 | XOM: potion effect (invisibility)
 61262 | Depths:4 | XOM: potion effect (curing)
 61300 | Depths:4 | XOM: colour smoke trail
 61445 | Depths:4 | Reached XP level 23. HP: 74/167 MP: 21/32
 61487 | Depths:4 | XOM: 3-stop teleportation journey
 61503 | Depths:4 | XOM: enchant monster (bad)
 61514 | Depths:4 | XOM: swap monsters
 61609 | Depths:4 | XOM: noise
 61618 | Depths:4 | XOM: noise
 61622 | Depths:4 | XOM: noise
 61735 | Depths:3 | XOM: severe Conj miscast
 61742 | Depths:3 | Learned a level 5 spell: Shadow Creatures
 62059 | Depths:4 | XOM: enchant monster (bad)
 62069 | Depths:4 | XOM: confuse monster(s)
 62205 | Depths:4 | XOM: medium Fire miscast
 62215 | Depths:4 | XOM: silly message
 62221 | Depths:4 | XOM: cast spell 'Confusing Touch'
 62284 | Depths:5 | Entered Level 5 of the Depths
 62329 | Depths:5 | XOM: harmless Erth miscast
 62387 | Depths:5 | XOM: harmless Necr miscast
 62570 | Depths:5 | XOM: mild Conj miscast
 62576 | Depths:5 | XOM: enchant monster (bad)
 62584 | Depths:5 | XOM: confuse monster(s)
 62586 | Depths:5 | XOM: potion effect (agility)
 62604 | Depths:5 | XOM: confuse monster(s)
 62633 | Depths:5 | XOM: polymorph death yak -> black draconian
 62634 | Depths:5 | XOM: destruction
 62640 | Depths:5 | XOM: destruction
 62725 | Depths:5 | Noticed Frederick
 62790 | Depths:5 | XOM: summons 8 friendly demons
 62792 | Depths:5 | XOM: cast spell 'Metabolic Englaciation'
 62849 | Depths:4 | XOM: god gift: oily brown potion
 62904 | Depths:4 | XOM: colour smoke trail
 62984 | Depths:5 | Killed Frederick
 63155 | Depths:5 | XOM: enchant monster (bad)
 63169 | Depths:5 | XOM: summons 2 friendly demons
 63174 | Depths:5 | Cast into the Abyss (ettin)
 63219 | Abyss:1  | XOM: enchant monster (bad)
 63336 | Abyss:1  | XOM: harmless Conj miscast
 63340 | Abyss:1  | XOM: stat loss: -1 Str (17/18)
 63341 | Abyss:1  | XOM: harmless Summ miscast
 63342 | Abyss:1  | XOM: polymorph efreet -> blue devil
 63387 | Abyss:1  | XOM: cast spell 'Dispersal'
 63450 | Abyss:1  | XOM: noise
 63471 | Abyss:1  | XOM: potion effect (magic)
 63566 | Abyss:1  | XOM: enchant monster (bad)
 63645 | Abyss:1  | XOM: divination: detect items
 63657 | Depths:5 | Escaped the Abyss
 63661 | Depths:5 | XOM: enchant monster (good)
 63883 | Depths:5 | XOM: divination: detect items
 63914 | Depths:5 | XOM: silly message
 63927 | Depths:5 | XOM: medium Divn miscast
 64074 | Depths:5 | XOM: chaos upgrade
 64301 | Depths:5 | XOM: harmless Ice miscast
 64312 | Depths:5 | XOM: enchant monster (bad)
 64326 | Depths:5 | XOM: mild Ice miscast
 64384 | Depths:5 | XOM: medium Summ miscast
 64395 | Depths:5 | XOM: stat loss: -1 Dex (22/25)
 64464 | Depths:5 | XOM: polymorph grey draconian -> yellow draconian
 64530 | Depths:5 | XOM: potion effect (might)
 64552 | Depths:5 | Found a gate to the Realm of Zot.
 64601 | Depths:5 | XOM: potion effect (brilliance)
 64609 | Depths:5 | XOM: potion effect (might)
 64629 | Depths:5 | XOM: mild Tloc miscast
 64681 | Depths:5 | Noticed Mennas
 64709 | Depths:5 | XOM: enchant monster (bad)
 64724 | Depths:5 | Your ally Rolyrioh died
 64747 | Depths:5 | Killed Mennas
 64798 | Depths:5 | Reached skill level 15 in Fighting
 65139 | Depths:1 | XOM: mild Conj miscast
 65309 | Depths:1 | XOM: harmless Pois miscast
 65314 | Depths:1 | XOM: cast spell 'Olgreb's Toxic Radiance'
 65345 | Depths:1 | XOM: confuse monster(s)
 65355 | Depths:1 | Reached skill level 15 in Dodging
 65355 | Depths:1 | XOM: divine lightning
 65370 | Depths:1 | XOM: noise
 65376 | Depths:1 | XOM: summons 7 friendly demons
 65377 | Depths:1 | XOM: blink monster(s)
 65378 | Depths:1 | XOM: enchant monster (bad)
 65458 | Depths:1 | Reached XP level 24. HP: 163/188 MP: 22/32
 66010 | Spider:2 | Your ally Qasetaa died
 66055 | Spider:2 | Killed Wiglaf
 66078 | Spider:2 | Killed Nessos
 66336 | Spider:5 | XOM: polymorph orb spider -> hippogriff
 66412 | Spider:5 | XOM: mild Erth miscast
 66427 | Spider:5 | XOM: swap monsters
 66438 | Spider:5 | XOM: divination: detect creatures
 66453 | Spider:5 | XOM: summons 4 friendly demons
 66505 | Spider:5 | Killed Arachne
 66505 | Spider:5 | Reached skill level 16 in Fighting
 66907 | Spider:5 | XOM: noise
 66915 | Spider:5 | XOM: polymorph tarantella -> manticore
 66918 | Spider:5 | XOM: blink monster(s)
 67135 | Spider:5 | XOM: enchant monster (bad)
 67154 | Spider:5 | XOM: noise
 67186 | Spider:5 | XOM: blink monster(s)
 67245 | Spider:5 | Got a gossamer rune of Zot
 67267 | Spider:5 | XOM: noise
 67467 | Lair:1   | XOM: summons 12 hostile demons
 67544 | D:11     | XOM: stat loss: -1 Dex (22/26)
 67834 | Vaults:2 | Killed Agnes
 67851 | Vaults:2 | XOM: mild Trmt miscast
 67943 | Crypt:2  | Noticed Saint Roka
 67963 | Crypt:2  | XOM: mild Summ miscast
 67967 | Crypt:2  | XOM: 9-stop teleportation journey
 68024 | Crypt:2  | Killed Saint Roka
 68024 | Crypt:2  | Reached skill level 17 in Fighting
 68037 | Crypt:2  | XOM: mild Summ miscast
 68242 | Crypt:2  | XOM: enchant monster (bad)
 68289 | Crypt:2  | XOM: swap weapons
 68303 | Crypt:2  | XOM: destruction
 68393 | Crypt:2  | XOM: summons 4 hostile demons
 68436 | Crypt:2  | XOM: noise
 68626 | Crypt:3  | Entered Level 3 of the Crypt
 68900 | Crypt:3  | XOM: potion effect (might)
 68974 | Crypt:3  | XOM: potion effect (agility)
 68978 | Crypt:3  | XOM: scenery: 1 doors open, 1 doors close
 68981 | Crypt:3  | XOM: harmless Divn miscast
 69011 | Crypt:3  | Reached skill level 18 in Fighting
 69020 | Crypt:3  | Found a basalt altar of Yredelemnul.
 69085 | Crypt:3  | XOM: divine lightning
 69110 | Crypt:3  | XOM: confuse monster(s)
 69120 | Crypt:3  | XOM: summons friendly shadow imp
 69143 | Crypt:3  | XOM: mild Summ miscast
 69248 | Crypt:3  | XOM: noise
 69256 | Crypt:3  | XOM: enchant monster (bad)
 69262 | Crypt:3  | XOM: blink monster(s)
 69268 | Crypt:3  | XOM: blink monster(s)
 69320 | Crypt:3  | Got a steaming bronze amulet
 69324 | Crypt:3  | Identified the amulet "Xoavi" {+Rage +Inv} (You found it on level 3 of the Crypt)
 69488 | Crypt:3  | Found a staircase to the Tomb.
 69531 | Crypt:3  | XOM: mild Divn miscast
 69539 | Crypt:3  | XOM: enchant monster (bad)
 69543 | Crypt:3  | XOM: mild Divn miscast
 69590 | Crypt:3  | XOM: potion effect (heal wounds)
 69609 | Crypt:3  | XOM: destruction
 69615 | Crypt:3  | XOM: vitrification
 69617 | Crypt:3  | XOM: potion effect (invisibility)
 69721 | Crypt:3  | XOM: polymorph death knight -> hill giant
 69762 | Crypt:3  | XOM: swap monsters
 69819 | Crypt:3  | XOM: god gift: 29 gold pieces
 69902 | Crypt:3  | Reached skill level 19 in Fighting
 69982 | Crypt:3  | XOM: noise
 70008 | Crypt:3  | Got an ancient lapis lazuli ring
 70008 | Crypt:3  | Got a shimmering lapis lazuli ring
 70014 | Crypt:3  | Identified the ring "Vegocai" {rN+ Dex+2 Int+3} (You found it on level 3 of the Crypt)
 70018 | Crypt:3  | Identified the ring "Noucam" {+Blink +Fly rC+ rN+ Stlth+} (You found it on level 3 of the Crypt)
 70048 | Crypt:3  | XOM: summons friendly white imp
 70068 | Crypt:3  | XOM: polymorph death knight -> ghost crab
 70144 | Crypt:3  | XOM: harmless Fire miscast
 70154 | Crypt:3  | XOM: harmless Ice miscast
 70224 | Crypt:3  | XOM: chaos upgrade
 70315 | Crypt:2  | XOM: divination: magic mapping
 70317 | Crypt:2  | Noticed Iskender's illusion
 70466 | Vaults:3 | XOM: scenery: create altars
 70490 | Vaults:3 | XOM: mild Erth miscast
 70564 | Vaults:4 | XOM: colour smoke trail
 70662 | Vaults:4 | XOM: confuse monster(s)
 70783 | Vaults:4 | Found Gaupt's Food Shop.
 70791 | Vaults:4 | XOM: summons 4 friendly demons
 70817 | Vaults:4 | Reached XP level 25. HP: 150/208 MP: 26/32
 70821 | Vaults:4 | XOM: potion effect (brilliance)
 71004 | Vaults:4 | XOM: summons 6 friendly demons
 71222 | Vaults:4 | Killed Jory
 71235 | Vaults:4 | Reached skill level 20 in Fighting
 71395 | Vaults:4 | XOM: divination: detect creatures
 71408 | Vaults:4 | XOM: cast spell 'Summon Swarm'
 71612 | Vaults:4 | XOM: scenery: 1 doors close
 71622 | Vaults:4 | XOM: confuse monster(s)
 71784 | Vaults:4 | XOM: enchant monster (good)
 71943 | Vaults:3 | XOM: mild Divn miscast
 72309 | Slime:1  | Entered Level 1 of the Pits of Slime
 72378 | Slime:1  | XOM: 4-stop teleportation journey
 72380 | Slime:1  | XOM: blink monster(s)
 72383 | Slime:1  | XOM: divination: magic mapping
 72487 | Slime:1  | XOM: 4-stop teleportation journey
 72517 | Slime:1  | XOM: enchant monster (good)
 72547 | Slime:1  | XOM: summons 2 friendly demons
 72682 | Slime:1  | XOM: polymorph jelly -> orange rat
 72872 | Slime:1  | XOM: enchant monster (good)
 72896 | Slime:1  | XOM: scenery: create altars
 73296 | Slime:2  | XOM: cast spell 'Monstrous Menagerie'
 73592 | Slime:2  | XOM: mild Hex miscast
 73670 | Slime:3  | XOM: repel stairs
 74117 | Slime:4  | XOM: repel stairs
 74295 | Slime:4  | XOM: noise
 74317 | Slime:4  | XOM: confusion
 74544 | Slime:3  | XOM: god gift: leather armour {god gift}
 74901 | Slime:4  | XOM: polymorph Zufym Nis the merfolk impaler -> Zufym Nis the red draconian
 75533 | Slime:5  | XOM: god gift: scroll of holy word
 75691 | Slime:5  | XOM: polymorph Zufym Nis the red draconian -> Zufym Nis the dire elephant
 75703 | Slime:6  | Entered Level 6 of the Pits of Slime
 75736 | Slime:5  | XOM: destruction
 75811 | Slime:6  | Your ally Zufym Nis died
 75884 | Slime:5  | XOM: colour smoke trail
 76117 | Slime:6  | XOM: 2-stop teleportation journey
 76162 | Slime:6  | Noticed the royal jelly
 76164 | Slime:6  | XOM: confuse monster(s)
 76171 | Slime:6  | XOM: confuse monster(s)
 76548 | Orc:3    | XOM: noise
 76567 | Elf:1    | Entered Level 1 of the Elven Halls
 76567 | Elf:1    | XOM: 7-stop teleportation journey
 76576 | Elf:1    | XOM: summons friendly white imp
 76626 | Elf:1    | XOM: divination: detect creatures
 76747 | Elf:1    | Noticed Kirke
 76754 | Elf:1    | XOM: confuse monster(s)
 76763 | Elf:1    | Killed Kirke
 76920 | Elf:1    | XOM: polymorph iron devil -> blue devil
 77248 | Elf:2    | XOM: divination: magic mapping
 77320 | Elf:2    | XOM: swap monsters
 77322 | Elf:2    | XOM: god gift: meat ration
 77433 | Elf:1    | Found a deep blue altar of Sif Muna.
 77446 | Elf:2    | XOM: mild Summ miscast
 77568 | Elf:2    | Reached XP level 26. HP: 176/215 MP: 33/33
 77634 | Elf:2    | XOM: blink monster(s)
 77793 | Elf:2    | XOM: god gift: 11 royal jellies
 77976 | Elf:2    | XOM: scenery: 1 doors close
 78009 | Elf:3    | Entered Level 3 of the Elven Halls
 78211 | Elf:3    | XOM: mild Erth miscast
 78346 | Elf:3    | XOM: vitrification
 78480 | Elf:3    | XOM: confuse monster(s)
 78482 | Elf:3    | XOM: harmless Trmt miscast
 78630 | Elf:3    | XOM: enchant monster (bad)
 78633 | Elf:3    | XOM: swap weapons
 78665 | Elf:3    | Got a faintly glowing battleaxe
 78671 | Elf:3    | Identified the +3 battleaxe "Ghiqura" {drain, MR++ Int-3} (You took it off a deep elf demonologist on level 3 of the Elven Halls)
 78731 | Elf:3    | Got a bone cutlass
 78731 | Elf:3    | Got a dazzling buckler
 78750 | Elf:3    | Identified the cursed +2 cutlass of Ypeap {venom, rElec MR++} (You took it off a deep elf annihilator on level 3 of the Elven Halls)
 78761 | Elf:3    | Identified the cursed -4 buckler of Lies {MR++} (You took it off a deep elf annihilator on level 3 of the Elven Halls)
 78763 | Elf:3    | XOM: medium Hex miscast
 78956 | Elf:3    | XOM: 1-stop teleportation journey
 79023 | Elf:3    | XOM: swap weapons
 79025 | Elf:3    | XOM: cast spell 'Metabolic Englaciation'
 79028 | Elf:3    | XOM: enchant monster (good)
 79041 | Elf:3    | XOM: vitrification
 79060 | Elf:3    | XOM: enchant monster (good)
 79085 | Elf:3    | Killed from afar by a deep elf annihilator

Action                   |  1- 3 |  4- 6 |  7- 9 | 10-12 | 13-15 | 16-18 | 19-21 | 22-24 | 25-27 || total
-------------------------+-------+-------+-------+-------+-------+-------+-------+-------+-------++-------
Melee: Spear             |   100 |   215 |   380 |    33 |       |       |       |       |       ||   728
       Trident           |       |   100 |   160 |   858 |  3960 |  1722 |  1243 |  1080 |   316 ||  9439
       Glaive            |       |       |     5 |       |       |       |       |       |       ||     5
       Halberd           |       |       |    75 |   413 |       |       |       |       |       ||   488
       Scythe            |       |       |       |    15 |       |       |       |       |       ||    15
       Hunting sling     |       |       |       |     1 |       |       |       |       |       ||     1
       War axe           |       |       |       |       |     3 |       |       |       |       ||     3
       Demon trident     |       |       |       |       |       |  1843 |  1945 |  2004 |  1555 ||  7347
       Morningstar       |       |       |       |       |       |     4 |       |       |       ||     4
       Mace              |       |       |       |       |       |       |       |     2 |       ||     2
       Cutlass           |       |       |       |       |       |       |       |       |     5 ||     5
 Fire: Shortbow          |       |    10 |    47 |    52 |       |       |       |       |       ||   109
       Hunting sling     |       |       |    27 |    22 |     9 |    38 |       |       |       ||    96
       Arbalest          |       |       |     2 |     5 |       |       |       |       |       ||     7
       Blowgun           |       |       |       |     1 |    60 |     6 |       |       |       ||    67
Throw: Stone             |     3 |    42 |     1 |     1 |     6 |       |       |       |       ||    53
       Throwing net      |       |       |       |       |       |     6 |       |     2 |       ||     8
 Cast: Call Imp          |       |       |       |     6 |    21 |    27 |     6 |       |       ||    60
       Repel Missiles    |       |       |       |     2 |     6 |     5 |    10 |     6 |     5 ||    34
       Apportation       |       |       |       |       |    49 |    40 |    17 |    19 |     3 ||   128
       Blink             |       |       |       |       |     9 |    27 |    31 |    23 |     8 ||    98
       Haste             |       |       |       |       |     2 |    32 |    34 |    33 |    18 ||   119
       Control Teleport  |       |       |       |       |       |     3 |     3 |       |       ||     6
       Phase Shift       |       |       |       |       |       |       |    30 |    26 |    14 ||    70
       Flight            |       |       |       |       |       |       |     3 |     8 |       ||    11
       Shroud of Golubri |       |       |       |       |       |       |     2 |    38 |    14 ||    54
       Summon Forest     |       |       |       |       |       |       |       |     2 |       ||     2
       Shadow Creatures  |       |       |       |       |       |       |       |     9 |     8 ||    17
 Abil: Evoke Teleportati |       |       |       |     2 |       |       |       |       |       ||     2
Evoke: Wand              |     1 |     3 |     9 |    42 |    41 |    58 |    35 |    20 |    20 ||   229
       Phial of floods   |       |       |       |       |     2 |     3 |     5 |     2 |     2 ||    14
       Deck              |       |       |       |       |       |     3 |     9 |     2 |     6 ||    20
       Lamp of fire      |       |       |       |       |       |     1 |     2 |     3 |     2 ||     8
       Rod               |       |       |       |       |       |       |     5 |       |       ||     5
  Use: Scroll            |     2 |     1 |    10 |    15 |    16 |    26 |    22 |    10 |     9 ||   111
 Stab: Paralysed         |       |     1 |       |     6 |     2 |     5 |     3 |     7 |       ||    24
       Sleeping          |       |     3 |       |     7 |    21 |    18 |     8 |    21 |    30 ||   108
       Petrified         |       |     1 |       |       |     2 |     1 |     1 |       |     2 ||     7
       Confused          |       |     2 |     1 |    10 |    30 |     8 |    28 |    27 |     3 ||   109
       Invisible         |       |       |     6 |     1 |     4 |    16 |    12 |     1 |       ||    40
       Distracted        |       |       |       |     1 |    19 |    14 |    12 |    15 |    18 ||    79
       Fleeing           |       |       |       |       |     1 |       |       |       |       ||     1
       Held in net/web   |       |       |       |       |       |     6 |       |     2 |       ||     8
       Petrifying        |       |       |       |       |       |     9 |       |       |     2 ||    11
